 Dungeon Crawl Stone Soup version bcrawl-1.14.2-1-gc900083943 (webtiles) character file.

Game seed: 2992145854999616457

1267 MisterOstroum the Thaumaturge (level 8, -7/42 HPs)
             Began as a Spriggan Enchanter on Sept 20, 2019.
             Was an Initiate of Dithmenos.
             Mangled by an orc warrior
             ... wielding a +0 hand axe
              (10 damage)
             ... while petrified by a basilisk
             ... on level 8 of the Dungeon.
             The game lasted 00:39:30 (8658 turns).

MisterOstroum the Thaumaturge (Spriggan Enchanter)  Turns: 8658, Time: 00:39:31

Health: -7/42      AC:  2    Str:  4    XL:     8   Next: 27%
Magic:  17/21      EV:  4    Int: 18    God:    Dithmenos [......]
Gold:   297        SH:  0    Dex: 17    Spells: 11/23 levels left

rFire    . . .     SeeInvis +   b - +0 dagger (venom)
rCold    . . .     Gourm    .   (shield restricted)
rNeg     + + +     Faith    .   v - +0 robe
rPois    ∞         Spirit   .   (helmet restricted)
rElec    +         Reflect  .   (no cloak)
rCorr    .         Harm     .   (gloves unavailable)
MR       +....                  (boots unavailable)
Stlth    +++.......             (no amulet)
HPRegen  0.14/turn              o - ring of insulation
MPRegen  0.17/turn              (no ring)

@: petrified, very quick
A: very small, unfitting armour, see invisible, herbivore, speed 3, slow
metabolism 2
a: Renounce Religion


You were on level 8 of the Dungeon.
You worshipped Dithmenos.
Dithmenos was noncommittal.
You were not hungry.

You visited 2 branches of the dungeon, and saw 9 of its levels.

You collected 297 gold pieces.

Inventory:

Hand Weapons
 a - a +0 hunting sling
 b - a +0 dagger of venom (weapon)
 w - a +1 dagger
 C - a +0 rapier
 G - a +4 short sword of protection
Missiles
 c - 1006 stones (quivered)
 i - 209 arrows
 p - 608 bolts
 x - 359 sling bullets
 y - 70 poisoned tomahawks
Armour
 v - a +0 robe (worn)
Magical Staves
 H - an uncursed staff of wizardry
Jewellery
 o - a ring of insulation (left hand)
 D - an uncursed amulet of regeneration {unknown}
Wands
 m - a wand of polymorph (19)
 A - a wand of acid (8)
 F - a wand of iceblast (7)
Scrolls
 d - 2 scrolls of fog {!r}
 f - a scroll of enchant weapon
 h - a scroll of magic mapping {@r5 !r}
 j - 2 scrolls of noise
 k - 2 scrolls of teleportation
 r - a scroll of remove curse {@r2}
 E - a scroll of blinking {unknown}
Potions
 g - 3 potions of might
 l - 3 potions of brilliance
 n - 2 potions of resistance
 q - 2 potions of berserk rage
 s - a potion of lignification {@q6}
 t - a potion of curing {@q1 !q}
 u - a potion of degeneration {unknown}
 z - a potion of ambrosia {unknown}
 B - a potion of invisibility {unknown}
Comestibles
 e - 8 rations {!d}


   Skills:
 + Level 3.8 Fighting
 - Level 3.0 Short Blades
 - Level 3.0 Dodging
 - Level 5.0 Stealth
 - Level 8.1 Spellcasting
 - Level 5.1 Hexes
 - Level 3.0 Ice Magic
 - Level 3.0 Evocations


You had 11 spell levels left.
You knew the following spells:

 Your Spells              Type           Power        Failure   Level  Hunger
a - Corona                Hex            ####...      1%          1    None
b - Ensorcelled Hibernat  Hex/Ice        ###...       2%          2    None
c - Confuse               Hex            ####....     3%          3    #......
d - Tukima's Dance        Hex            ####....     3%          3    #......
e - Dazzling Spray        Conj/Hex       ###...       10%         3    #......

Your spell library contained the following spells:

 Spells                   Type           Power        Failure   Level  Hunger


Dungeon Overview and Level Annotations

Branches:
Dungeon (8/12)             Temple (1/1) D:6             Orc (0/1) D:8
   Lair: D:7-9

Altars:
Ashenzari
Cheibriados
Dithmenos
Elyvilon
Fedhas
Gozag
Hepliaklqana
Kikubaaqudgha
Lugonu
Nemelex Xobeh
Okawaru
Qazlal
Ru
Sif Muna
Trog
Uskayaw
Vehumet
Wu Jian
Xom
Yredelemnul
Zin
The Shining One

Shops:
D:6 (

Annotations:
D:5 exclusion: 4 doors
D:6 Grinder
D:8 Prince Ribbit


Innate Abilities, Weirdness & Mutations

You are very small and have problems with some larger weapons.
You are too small for most types of armour.
You have supernaturally acute eyesight. (SInv)
You are a herbivore.
You cover ground extremely quickly.
You need to consume almost no food.


Message History

You hit the orc wizard.
The orc wizard is poisoned.
The orc wizard is lightly wounded.
The orc wizard closely misses you.
There is a stone staircase leading down here.
You climb downwards.
Near the exit of the stairs, a rune flashes!
You stop descending the stairs.
Your surroundings suddenly seem different. 2 orcs, an orc warrior and an orc priest come into view.
The orc shouts!
The orc priest shouts!
You hear a shout!
The orc shouts!
You hear a shout!
Found an opal ring and 7 gold pieces.
Found a staircase to the Orcish Mines.
A crimson imp comes into view.
Found a chain mail.
The helpless crimson imp fails to defend itself.
You impale the crimson imp!!
You kill the crimson imp!
Dithmenos accepts your kill.
You start waiting.
A scorpion comes into view.
Casting: Ensorcelled Hibernation (safe; 2% risk of failure)
Confirm with . or Enter, or press ? or * to list all spells.
Okay, then.
An orc and an orc wizard come into view.
Casting: Ensorcelled Hibernation (safe; 2% risk of failure)
Confirm with . or Enter, or press ? or * to list all spells.
Okay, then.
Casting: Ensorcelled Hibernation (safe; 2% risk of failure)
Confirm with . or Enter, or press ? or * to list all spells.
Okay, then.
The orc barely misses you.
You hit the orc.
The orc is poisoned.
The orc is moderately wounded.
The orc hits you but does no damage.
You kill the orc!
Dithmenos accepts your kill.
The orc warrior hits you with a +0 hand axe.
Casting: Ensorcelled Hibernation (safe; 2% risk of failure)
Confirm with . or Enter, or press ? or * to list all spells.
Okay, then.
Prince Ribbit comes into view.
Unknown command.
A shadow imp comes into view.
A basilisk and an orc priest come into view.
Casting: Ensorcelled Hibernation (safe; 2% risk of failure)
Confirm with . or Enter, or press ? or * to list all spells.
Aiming: Confuse (safe; 3% risk of failure)
Press: ? - help, Shift-Dir - straight line, f - orc priest
Aim: an orc priest, wearing a +0 leather armour (hasn't noticed you, chance to defeat MR: 54%)
The orc priest resists with significant effort.
The shadow imp shouts, "Go and return not, thou frothy shard-borne foot-licker!"
The shadow imp gestures at you. You resist with some effort.
Casting: Confuse (safe; 3% risk of failure)
Confirm with . or Enter, or press ? or * to list all spells.
Aiming: Confuse (safe; 3% risk of failure)
Press: ? - help, Shift-Dir - straight line, f/p - orc priest
Aim: an orc priest, wearing a +0 leather armour (chance to defeat MR: 54%)
The orc priest appears confused.
The basilisk gazes at you. You resist with almost no effort.
You see here an opal ring.
The shadow imp closely misses you. The basilisk gazes at you.
You are slowing down.
Unknown command.
The shadow imp hits you.
The orc priest says, "I'm a little confused."
There is a staircase to the Orcish Mines, spattered with blood here.
Your limbs are stiffening.
You have turned to stone.
The shadow imp hits you. The basilisk bites you! The shadow imp hits you.
The basilisk gazes at you. You resist with almost no effort.
The shadow imp barely misses you. The basilisk gazes at you.
The scorpion stings you. The shadow imp hits you. The basilisk bites you.
The scorpion stings you. The shadow imp hits you.
The orc priest laughs at nothing.
The basilisk bites you! The scorpion stings you. The shadow imp hits you.
The basilisk gazes at you. You resist with almost no effort.
The scorpion barely misses you. The shadow imp hits you.
The basilisk gazes at you. You resist with almost no effort.
The scorpion barely misses you.
The orc warrior hits you with a +0 hand axe!
* * * LOW HITPOINT WARNING * * *
The shadow imp barely misses you. The basilisk barely misses you.
The scorpion barely misses you. The orc warrior barely misses you.
The shadow imp hits you.
* * * LOW HITPOINT WARNING * * *
The basilisk gazes at you. You resist with almost no effort.
The orc priest seems less confused.
The scorpion stings you!
* * * LOW HITPOINT WARNING * * *
The orc warrior hits you with a +0 hand axe!!
You die...

...# ...#####......#
######...#..........##
o......#.............
####.#.............# #
###...# ##.........##.#
.....o# #.....$.......
......## #.....s.o.###
.......# #....>5@....#
.......###.=..ool..#..#
.......##..........#
...###.##..........#
#### #.##..........#
#.o...........#
####..........#
#......##### ########


You could see a basilisk, an orc warrior, a scorpion, an orc priest, a shadow
imp and an orc.

Vanquished Creatures
  Menkaure (D:5)
  A water moccasin (D:5)
  A necrophage (D:5)
  A sky beast (D:4)
  A bullfrog (D:5)
  Blork the orc (D:5)
  2 scorpions (D:4)
  A crimson imp (D:8)
  A bullfrog zombie (D:6)
  A jelly (D:6)
  An orc priest (D:5)
  A gnoll shaman (D:4)
  3 orc wizards (D:5)
  An iguana (D:6)
  A worker ant (D:5)
  A hound skeleton (D:5)
  Robin (D:4)
  5 adders
  9 gnolls
  2 shadow imps
  An adder zombie (D:5)
  2 worms
  2 dart slugs (D:3)
  3 leopard geckos
  15 orcs
  A ball python (D:1)
  A giant cockroach (D:1)
  9 goblins (D:4)
  7 hobgoblins
  4 jackals
  4 bats
  3 frilled lizards
  5 kobolds
  A quokka skeleton (D:3)
  4 rats
98 creatures vanquished.

Vanquished Creatures (collateral kills)
  An ogre (D:5)
  Ijyb (D:4)
2 creatures vanquished.

Vanquished Creatures (others)
  A dancing weapon (D:5)
1 creature vanquished.

Grand Total: 101 creatures vanquished

Notes
Turn   | Place    | Note
-------+----------+-------------------------------------------
     0 | D:1      | MisterOstroum the Spriggan Enchanter began the quest for
                  | the Orb.
     0 | D:1      | Reached XP level 1. HP: 9/9 MP: 5/5
    69 | D:1      | Reached skill level 5 in Stealth
   478 | D:1      | Reached skill level 1 in Fighting
   561 | D:1      | Reached XP level 2. HP: 8/14 MP: 4/6
   565 | D:1      | Learned a level 2 spell: Ensorcelled Hibernation
  1668 | D:2      | Reached skill level 3 in Spellcasting
  2047 | D:2      | Reached XP level 3. HP: 16/18 MP: 6/8
  2978 | D:3      | Reached skill level 1 in Ice Magic
  3465 | D:3      | Learned a level 3 spell: Confuse
  3791 | D:3      | Reached XP level 4. HP: 23/23 MP: 4/9
  3995 | D:4      | Noticed a sky beast
  4021 | D:4      | Killed a sky beast
  4021 | D:4      | Reached XP level 5. HP: 20/27 MP: 5/11
  4189 | D:4      | Reached skill level 4 in Spellcasting
  4843 | D:4      | Learned a level 3 spell: Tukima's Dance
  4853 | D:4      | Noticed Robin
  5059 | D:3      | Reached skill level 5 in Spellcasting
  5187 | D:3      | Found a radiant altar of Vehumet.
  5366 | D:4      | Noticed Ijyb
  5384 | D:4      | Killed Ijyb
  5384 | D:4      | Reached XP level 6. HP: 23/31 MP: 8/14
  5495 | D:4      | Killed Robin
  6428 | D:5      | Entered Level 5 of the Dungeon
  6457 | D:5      | Noticed Blork the orc
  6457 | D:5      | Noticed a water moccasin
  6475 | D:5      | Killed a water moccasin
  6475 | D:5      | Reached XP level 7. HP: 35/35 MP: 13/16
  6505 | D:5      | Killed Blork the orc
  6505 | D:5      | Reached skill level 6 in Spellcasting
  6505 | D:5      | Reached skill level 5 in Hexes
  6978 | D:5      | Reached skill level 1 in Evocations
  7244 | D:5      | Noticed Menkaure
  7598 | D:5      | Reached skill level 7 in Spellcasting
  7832 | D:6      | Found Dim Seataubo's Weapon Shoppe.
  7864 | D:6      | Reached XP level 8. HP: 40/40 MP: 16/20
  7891 | D:6      | Found a staircase to the Ecumenical Temple.
  7899 | Temple   | Entered the Ecumenical Temple
  8072 | Temple   | Became a worshipper of Dithmenos the Shadowed
  8167 | D:5      | Killed Menkaure
  8167 | D:5      | Reached skill level 8 in Spellcasting
  8211 | D:5      | Learned a level 3 spell: Dazzling Spray
  8552 | D:6      | Noticed Grinder
  8588 | D:8      | Found a staircase to the Orcish Mines.
  8628 | D:8      | Noticed Prince Ribbit
  8658 | D:8      | Mangled by an orc warrior

Skill      XL: |  1  2  3  4  5  6  7  8 |
---------------+-------------------------+-----
Stealth        | 5 |  5.0
Fighting       | 1 2 3 |  3.8
Spellcasting   | 3 5 7 8 |  8.1
Ice Magic      | 1 2 3 |  3.0
Hexes          | 4 5 |  5.1
Short Blades   | 2 3 |  3.0
Evocations     | 3 |  3.0
Dodging        | |  3.0

Action                   |  1- 3 |  4- 6 |  7- 9 || total
-------------------------+-------+-------+-------++-------
Melee: Dagger            |   133 |    72 |    75 ||   280
 Fire: Hunting sling     |       |    10 |     2 ||    12
Throw: Stone             |    28 |    50 |     9 ||    87
 Cast: Corona            |    11 |     2 |     1 ||    14
       Ensorcelled Hiber |    23 |    22 |    16 ||    61
       Confuse           |       |     9 |    14 ||    23
       Tukima's Dance    |       |     5 |     3 ||     8
  Use: Scroll            |     4 |     6 |     3 ||    13
 Stab: Sleeping          |    24 |    16 |    11 ||    51
       Distracted        |     1 |     2 |       ||     3
       Confused          |       |     3 |     8 ||    11
  Eat: Ration            |     1 |     1 |     1 ||     3
Armor: Robe              |    13 |     2 |     5 ||    20
Dodge: Dodged            |   103 |    51 |    66 ||   220
